 Dungeon Crawl Stone Soup version 0.20.1-2-g1830e616b0 (webtiles) character file.

220 Alfie the Shooter (level 6, -4/46 HPs)
             Began as a Human Hunter on Jan 20, 2020.
             Slain by Alfie's ghost (8 damage)
             ... on level 4 of the Dungeon.
             The game lasted 00:11:15 (2677 turns).

Alfie the Shooter (Human Hunter)                    Turns: 2677, Time: 00:11:16

Health: -4/46      AC:  4    Str: 15    XL:     6   Next: 18%
Magic:  6/6        EV: 12    Int: 11    God:
Gold:   68         SH:  0    Dex: 13    Spells: 5/5 levels left

rFire    . . .     SeeInvis .   b - +1 short sword
rCold    . . .     Gourm    .   (no shield)
rNeg     . . .     Faith    .   k - +1 leather armour {MR+}
rPois    .         Spirit   .   (no helmet)
rElec    .         Reflect  .   (no cloak)
rCorr    .         Harm     .   (no gloves)
MR       +....                  (no boots)
Stlth    +.........             (no amulet)
Regen    0.2/turn               (no ring)
MPRegen  0.1/turn               (no ring)

@: no status effects
A: no striking features
a: no special abilities


You were on level 4 of the Dungeon.
You were not hungry.

You visited 1 branch of the dungeon, and saw 4 of its levels.

You collected 68 gold pieces.

Inventory:

Hand Weapons
 a - a +1 shortbow
 b - a +1 short sword (weapon)
Missiles
 d - 7 arrows
 j - 4 tomahawks (quivered)
Armour
 k - a +1 leather armour of magic resistance (worn)
Jewellery
 i - an uncursed amulet of harm
Wands
 c - a wand of iceblast (15/15)
Scrolls
 l - a scroll of enchant armour
 o - 2 scrolls of teleportation
Potions
 g - a potion of lignification
 m - a potion of brilliance {unknown}
 n - a potion of mutation {unknown}
 p - a potion of curing {unknown}
 q - a potion of might
Comestibles
 f - 3 bread rations
 r - a meat ration


   Skills:
 + Level 2.8 Fighting
 + Level 6.0 Bows
 + Level 0.8 Throwing
 + Level 1.2 Armour
 + Level 2.6 Dodging
 + Level 1.1 Stealth


You had 5 spell levels left.
You didn't know any spells.

Dungeon Overview and Level Annotations

Branches:
Dungeon (4/15)
 Temple: D:4-7

Altars:
Hepliaklqana
Kikubaaqudgha
Makhleb
Trog
Xom

Shops:
D:4 [

Annotations:
D:4 Alfie's ghost, amateur HuHu


Message History

Alfie's ghost is lightly damaged.
Alfie's ghost misses you.
You hit Alfie's ghost.
Alfie's ghost is moderately damaged.
Alfie's ghost closely misses you.
You hit Alfie's ghost but do no damage.
Alfie's ghost is moderately damaged.
Alfie's ghost closely misses you.
You hit Alfie's ghost but do no damage.
Alfie's ghost is moderately damaged.
Alfie's ghost hits you!
* * * LOW HITPOINT WARNING * * *
You barely miss Alfie's ghost.
Alfie's ghost is moderately damaged.
Alfie's ghost hits you.
* * * LOW HITPOINT WARNING * * *
You barely miss Alfie's ghost.
Alfie's ghost is moderately damaged.
Alfie's ghost hits you!
You die...

#. #. # #. .#
#(### #.#
#...#...#
...#.∩.##
#W....... #@.#
#..# .# #..### .#
#..#.. ..# .#
#..#.# #.# <#
#..#.# #.##.####
#..#.#####...>...
#..............###
#................


You could see Alfie's ghost.

Vanquished Creatures
  A hound (D:2)
  A worker ant (D:4)
  10 adders
  2 oozes
  2 worms (D:2)
  A dart slug (D:2)
  2 leopard geckos
  An orc (D:3)
  A ball python (D:2)
  5 giant cockroaches
  7 goblins
  4 hobgoblins
  3 jackals (D:4)
  6 bats
  6 frilled lizards
  5 kobolds
  9 rats
66 creatures vanquished.

Notes
Turn   | Place    | Note
-------+----------+-------------------------------------------
     0 | D:1      | Alfie the Human Hunter began the quest for the Orb.
     0 | D:1      | Reached XP level 1. HP: 16/16 MP: 1/1
    86 | D:1      | Reached XP level 2. HP: 22/22 MP: 2/2
   723 | D:1      | Reached XP level 3. HP: 27/27 MP: 3/3
  1047 | D:2      | Reached skill level 5 in Bows
  1048 | D:2      | Reached XP level 4. HP: 27/33 MP: 4/4
  1303 | D:2      | Found a hazy altar of Hepliaklqana.
  1307 | D:2      | Found a shimmering altar of Xom.
  1307 | D:2      | Noticed a Killer Klown
  1308 | D:2      | Noticed a Killer Klown
  1308 | D:2      | Noticed a spectral ugly thing
  1502 | D:2      | Reached XP level 5. HP: 39/39 MP: 5/5
  1503 | D:2      | Found a bloodstained altar of Trog.
  1522 | D:2      | Found a burning altar of Makhleb.
  1870 | D:3      | Reached skill level 1 in Armour
  1918 | D:3      | Found an ancient bone altar of Kikubaaqudgha.
  2248 | D:3      | Reached XP level 6. HP: 42/46 MP: 6/6
  2577 | D:4      | Reached skill level 6 in Bows
  2642 | D:4      | Noticed Alfie's ghost (amateur HuHu)
  2664 | D:4      | Found Tigh's Antique Armour Shop.
  2677 | D:4      | Slain by Alfie's ghost

Skill      XL: |  1  2  3  4  5  6 |
---------------+-------------------+-----
Bows           | 5 6 |  6.0
Armour         | 1 |  1.2
Fighting       | |  2.8
Throwing       | |  0.8
Dodging        | |  2.6
Stealth        | |  1.1

Action                   |  1- 3 |  4- 6 || total
-------------------------+-------+-------++-------
Melee: Short sword       |       |    39 ||    39
 Fire: Shortbow          |    69 |   105 ||   174
Throw: Tomahawk          |       |    13 ||    13
  Use: Scroll            |     5 |     8 ||    13
       Potion            |       |     4 ||     4
  Eat: Meat ration       |       |     1 ||     1
Armor: Leather armour    |     2 |    16 ||    18
       Skin              |       |    40 ||    40
Dodge: Dodged            |     9 |    63 ||    72
